AoeStats
← Buzz Lightyear

African Clearing

506779671Analyzed
4v4 RM · 19d ago on Sep 15, 2026· 62m 35s· 8 players
Game mode
Random Map
Map size
Large (8 player)
Population
200
Speed
Normal
Resources
Standard
Victory
Conquest
Starting age
Dark Age
Ending age
Imperial Age
RankedLock teamsTeams togetherTeam positionsShared explorationLock speedFull tech treeHidden civsTurbo modeCheats
Victory
Defeat
🇵🇪 Vietnamese · Peru
1139
+16
🇨🇳 Georgians · China
1076
+18
🇲🇽 Mongols · Mexico
1075
+18
🇨🇳 Bohemians · China
1052
+19
🇦🇺 Mongols · Australia
1165
-19
🇨🇴 Huns · Colombia
1144
-19
🇨🇳 Burgundians · China
1116
-17
🇺🇸 Italians · United States
1079
-16
douchesupreme
5:46 Loom
5:51 Loom
15:10 Feudal Age
23:43 Castle Age
22:41 Double-Bit Axe
23:18 Gold Mining
23:34 Fishing Lines
29:08 Wheelbarrow
30:22 Bow Saw
37:26 Gillnets
39:57 Stone Mining
41:24 Wheelbarrow
41:05 Gillnets
41:13 Gillnets
43:07 Elite Skirmisher
44:14 Hand Cart
47:59 Thumb Ring
49:08 Fletching
49:19 Padded Archer Armor
50:24 Ballistics
52:40 Imperial Age
51:08 Bodkin Arrow
51:28 Leather Archer Armor
54:09 Conscription
54:42 Silk Road
55:02 Hoardings
58:30 Elite Genoese Crossbowman
hargir
5:11 Loom
14:41 Feudal Age
17:59 Bloodlines
22:25 Castle Age
20:43 Double-Bit Axe
50:50 Imperial Age
50:33 Pikeman
51:37 Horse Collar
53:54 Bow Saw
53:40 Halberdier
55:59 Conscription
57:29 Capped Ram
59:25 Scale Mail Armor
59:38 Siege Ram
61:20 Wheelbarrow
62:11 Chain Mail Armor
63:02 Two-Man Saw
AbIGwAteRmElOn
4:33 Loom
15:09 Feudal Age
16:15 Town Watch
17:05 Wheelbarrow
24:30 Castle Age
22:54 Forging
23:17 Bloodlines
23:38 Scale Barding Armor
23:42 Horse Collar
25:29 Husbandry
30:45 Double-Bit Axe
36:06 Imperial Age
35:22 Fletching
36:05 Bow Saw
36:08 Stone Mining
37:14 Gold Mining
38:19 Conscription
38:28 Heavy Plow
39:21 Ballistics
40:32 Iron Casting
43:22 Gold Shaft Mining
43:23 Stone Shaft Mining
43:27 Hoardings
43:28 Light Cavalry
45:11 Chemistry
44:22 Masonry
44:55 Hand Cart
45:54 Drill
45:46 Bodkin Arrow
45:52 Padded Archer Armor
48:06 Bracer
48:22 Leather Archer Armor
48:27 Chain Barding Armor
49:00 Elite Steppe Lancer
53:25 Blast Furnace
54:54 Town Patrol
55:29 Hussar
57:18 Nomads
57:11 Capped Ram
番茄没有酒
5:26 Loom
9:44 Double-Bit Axe
10:26 Gold Mining
14:00 Wheelbarrow
16:39 Feudal Age
17:07 Horse Collar
18:46 Bow Saw
19:06 Town Watch
23:02 Heavy Plow
23:29 Fletching
28:17 Castle Age
27:11 Stone Mining
29:23 Stone Shaft Mining
29:03 Scale Barding Armor
30:19 Two-Man Saw
33:43 Chain Barding Armor
33:26 Husbandry
33:39 Cavalier
39:37 Hand Cart
42:13 Gold Shaft Mining
44:50 Crop Rotation
49:47 Imperial Age
47:20 Town Patrol
49:19 Burgundian Vineyards
50:36 Paladin
53:13 Plate Barding Armor
52:50 Forging
53:28 Scale Mail Armor
56:56 Squires
56:16 Pikeman
57:38 Iron Casting
61:13 Blast Furnace
60:31 Chain Mail Armor
Elvise177
4:13 Loom
15:21 Feudal Age
20:21 Castle Age
23:29 Double-Bit Axe
31:59 Forging
31:55 Scale Barding Armor
32:04 Gold Mining
32:47 Horse Collar
33:37 Heavy Plow
35:45 Bloodlines
42:30 Imperial Age
40:54 Wheelbarrow
42:15 Iron Casting
47:11 Chain Barding Armor
46:56 Caravan
49:26 Blast Furnace
52:41 Chemistry
54:19 Plate Barding Armor
59:14 Conscription
59:09 Elite Monaspa
Gonnar
5:20 Loom
12:57 Feudal Age
16:19 Scale Barding Armor
16:25 Forging
22:04 Castle Age
20:15 Scale Mail Armor
22:01 Bloodlines
31:24 Double-Bit Axe
31:23 Horse Collar
35:27 Pikeman
37:56 Wheelbarrow
40:09 Fletching
41:25 Gold Mining
47:05 Imperial Age
45:37 Hand Cart
46:37 Chain Barding Armor
46:28 Husbandry
48:13 Conscription
49:06 Drill
49:24 Iron Casting
48:26 Heavy Camel Rider
48:32 Capped Ram
51:44 Siege Ram
54:49 Blast Furnace
53:45 Bodkin Arrow
54:16 Town Watch
54:50 Bow Saw
57:09 Chemistry
56:29 Ballistics
58:53 Light Cavalry
60:02 Hussar
Maggie Q
7:22 Loom
20:35 Feudal Age
22:08 Man-at-Arms
22:34 Arson
32:29 Castle Age
33:30 Town Watch
34:21 Wheelbarrow
35:36 Town Patrol
42:17 Imperial Age
45:56 Squires
45:18 Pikeman
46:35 Hand Cart
54:00 Chemistry
54:31 Halberdier
55:40 Double-Bit Axe
55:50 Horse Collar
57:28 Bow Saw
58:25 Heavy Plow
59:28 Two-Man Saw
59:18 Scale Mail Armor
59:29 Forging
60:46 Houfnice
Buzz Lightyear
5:56 Loom
13:36 Feudal Age
14:47 Double-Bit Axe
24:49 Castle Age
24:45 Bloodlines
25:29 Scale Barding Armor
28:54 Fletching
29:08 Padded Archer Armor
29:53 Horse Collar
30:51 Town Watch
32:22 Bodkin Arrow
33:21 Leather Archer Armor
35:07 Wheelbarrow
36:16 Ballistics
36:47 Bow Saw
42:30 Imperial Age
41:16 Hand Cart
46:17 Chemistry
45:24 Siege Engineers
44:52 Crossbowman
45:42 Thumb Ring
45:35 Arbalester
46:41 Bracer
50:48 Ring Archer Armor
57:03 Two-Man Saw
63:00 Chatras
63:23 Paper Money
Connection lost

Rejoining the realm…

Still unreachable

The connection could not be restored.

Session expired

The server has moved on; the page needs a fresh start.